 Dungeon Crawl Stone Soup version 0.19.0-16-g73b5abf (webtiles) character file.

74 HungrySpirit the Charlatan (level 4, 0/34 HPs)
             Began as a Mummy Artificer on Nov 10, 2016.
             Was an Initiate of Gozag.
             Killed from afar by Sigmund (6 damage)
             ... with a puff of flame
             ... on level 2 of the Dungeon.
             The game lasted 00:04:45 (2908 turns).

HungrySpirit the Charlatan (Mummy Artificer)        Turns: 2908, Time: 00:04:45

Health: 0/34       AC:  3    Str: 16    XL:     4   Next: 10%
Magic:  6/6        EV: 11    Int: 10    God:    Gozag
Gold:   149        SH:  3    Dex: 12    Spells: 0 memorised, 3 levels left

rFire  x . .     SeeInvis .     k - +0 dagger (elec)
rCold  + . .     Gourm    .     b - +0 leather armour
rNeg   + + +     Faith    .     (no shield)
rPois  ∞         Spirit   .     (no helmet)
rElec  .         Reflect  +     (no cloak)
rCorr  .         Harm     .     (no gloves)
MR     .....     Rnd*Tele +     (no boots)
Stlth  +.........               l - +3 amulet of reflection
                                j - ring of teleportation (curse)
                                (no ring)

@: no status effects
A: no food or potions, fire vulnerability, cold resistance 1, negative energy
resistance 3, torment resistance, unbreathing
a: Potion Petition, Call Merchant, Bribe Branch, Renounce Religion


You were on level 2 of the Dungeon.
You worshipped Gozag.
Gozag was aware of your devotion.
You were not hungry.

You visited 1 branch of the dungeon, and saw 2 of its levels.

You collected 171 gold pieces.
You paid 22 gold pieces to Gozag.

Inventory:

Hand Weapons
 k - a +0 dagger of electrocution (weapon)
Armour
 b - a +0 leather armour (worn)
Jewellery
 h - an uncursed ring of ice
 j - a cursed ring of teleportation (right hand)
 l - a +3 amulet of reflection (around neck)
Wands
 c - a wand of flame (15/48)
 d - a wand of enslavement (15/24)
 e - a wand of random effects (15/48)
Scrolls
 f - a scroll of noise {unknown}
 g - a scroll of fear {unknown}
 i - a scroll of random uselessness {unknown}


   Skills:
 + Level 2.9 Fighting
 * Level 1.2 Short Blades
 - Level 1.5 Dodging
 - Level 0.7 Stealth
 + Level 3.1 Evocations


You had 3 spell levels left.
You didn't know any spells.

Dungeon Overview and Level Annotations

Branches:
Dungeon (2/15)

Altars:
Gozag

Annotations:
D:2 Robin, Sigmund


Innate Abilities, Weirdness & Mutations

You do not eat or drink.
Your flesh is vulnerable to fire.
You are immune to poison.
Your flesh is cold resistant. (rC+)
You are immune to negative energy. (rN+++)
You are immune to unholy pain and torment.
You can survive without breathing.


Message History

Sigmund is almost dead.
Sigmund gestures at you while chanting. The puff of flame hits you!
The fire burns you terribly!
* * * LOW HITPOINT WARNING * * *
You hit Sigmund but do no damage.
Sigmund is almost dead.
Sigmund closely misses you.
You closely miss Sigmund.
Sigmund is almost dead.
Sigmund breathes a few words.
Sigmund's hands start flickering wildly.
Sigmund misses you.
You hit Sigmund.
Sigmund is almost dead.
You barely miss Sigmund.
Sigmund is almost dead.
Sigmund gestures at you while chanting. The puff of flame hits you!
The fire burns you terribly!
You die...
Your body crumbles into a pile of gold.

# #.......# #>..# #.#...... #
#######.####...# #.#.##### #
#........#...# #.#.# #
#.###.##.#.### #.#.# # #.#
#.#..#.# #.#.# #
#.###+#.##.####### #.#.#####
#####.#.....##.......####.#......
'...............$.....>##.#######
#####.......#..<@@.#.#.##........
# ###...÷.#...##.#.#........... #
#.....#....#.#g#...........
#######.....#..#.#.#.#...........
............#....#.#g{...........
###.####............g............
#[#.#................#g..........
###.#................#...!.......
.....................#.<.########


You could see Sigmund.

Vanquished Creatures
  An adder (D:2)
  An ooze (D:1)
  3 worms (D:2)
  2 ball pythons (D:2)
  6 hobgoblins
  6 jackals (D:1)
  10 bats
  4 frilled lizards
  9 goblins
  4 kobolds
  4 rats
50 creatures vanquished.

Notes
Turn   | Place    | Note
-------+----------+-------------------------------------------
     0 | D:1      | HungrySpirit the Mummy Artificer began the quest for the Orb.
     0 | D:1      | Reached XP level 1. HP: 15/15 MP: 2/2
   194 | D:1      | Reached XP level 2. HP: 15/21 MP: 4/4
  1350 | D:2      | Reached XP level 3. HP: 18/28 MP: 5/5
  1533 | D:2      | Found an opulent altar of Gozag.
  1573 | D:2      | Became a worshipper of Gozag Ym Sagoz the Greedy
  1741 | D:2      | Reached skill level 3 in Evocations
  1855 | D:2      | Noticed Sigmund
  1858 | D:2      | Noticed Robin
  2172 | D:2      | Reached skill level 1 in Short Blades
  2507 | D:2      | Reached XP level 4. HP: 34/34 MP: 6/6
  2908 | D:2      | Killed from afar by Sigmund

Skill      XL: |  1  2  3 |
---------------+----------+-----
Fighting       | 2 |  2.9
Evocations     | 3 |  3.1
Short Blades   | 1 |  1.2
Dodging        | |  1.5
Stealth        | |  0.7

Action                   |  1- 3 |  4- 6 || total
-------------------------+-------+-------++-------
Melee: Short sword       |   143 |       ||   143
       Dagger            |    29 |    22 ||    51
  Use: Scroll            |     3 |       ||     3
 Stab: Sleeping          |     2 |       ||     2
Armor: Leather armour    |    71 |     1 ||    72
Dodge: Dodged            |   128 |    13 ||   141
Block: Other             |     9 |     2 ||    11
